 Dungeon Crawl Stone Soup version 0.24-a0-506-g958ff8eaa0 (webtiles) character file.

Game seed: 96285933842634627

2485 theNoobletaur the Covered (level 9, -3/69 HPs)
             Began as a Demonspawn Berserker on July 18, 2019.
             Was an Elder of Trog.
             Slain by a two-headed ogre
             ... wielding a +0 giant club
              (15 damage)
             ... on level 8 of the Dungeon.
             The game lasted 00:28:09 (6249 turns).

theNoobletaur the Covered (Demonspawn Berserker)    Turns: 6249, Time: 00:28:10

Health: -3/69      AC: 14    Str: 19    XL:     9   Next: 27%
Magic:  0/9        EV:  8    Int:  9    God:    Trog [****..]
Gold:   336        SH:  0    Dex: 14    Spells: 8/8 levels left

rFire    + . .     SeeInvis .   l - +3 whip (elec)
rCold    . . .     Gourm    .   (no shield)
rNeg     . . .     Faith    .   u - +1 plate armour
rPois    .         Spirit   +   (helmet restricted)
rElec    .         Reflect  .   (no cloak)
rCorr    .         Harm     .   (no gloves)
MR       .....                  (no boots)
Stlth    ..........             (no amulet)
HPRegen  0.21/turn              m - ring of stealth
MPRegen  0.11/turn              r - ring of protection from fire

@: lethally poisoned (-3 -> -3)
A: antennae 2, claws 1, hooves 1, magic shield
a: Berserk, Trog's Hand, Brothers in Arms, Renounce Religion


You were on level 8 of the Dungeon.
You worshipped Trog.
Trog was greatly pleased with you.
You were not hungry.

You visited 1 branch of the dungeon, and saw 8 of its levels.

You collected 336 gold pieces.

Inventory:

Hand Weapons
 a - a +0 spear
 i - a +0 morningstar of draining
 l - a +3 whip of electrocution (weapon)
 t - a +2 flail of draining
 z - a +4 flail
Missiles
 f - 27 boomerangs (quivered)
Armour
 b - a +0 animal skin
 j - a +0 ring mail
 u - a +1 plate armour (worn)
Jewellery
 e - an uncursed ring of ice
 m - a ring of stealth (left claw)
 r - a ring of protection from fire (right claw)
Wands
 q - a wand of flame (26)
Scrolls
 d - 6 scrolls of identify
 g - 5 scrolls of remove curse
 o - a scroll of brand weapon {unknown}
 v - 3 scrolls of enchant weapon
 w - a scroll of fog
 y - a scroll of immolation {unknown}
Potions
 h - 2 potions of curing
 k - a potion of agility
 n - 2 potions of heal wounds
 p - a potion of haste {unknown}
 s - 2 potions of magic {unknown}
 A - a potion of brilliance
Comestibles
 c - 12 rations
 x - 7 chunks of flesh


   Skills:
 * Level 5.9 Fighting
 + Level 4.7 Maces & Flails
 + Level 3.5 Polearms
 * Level 6.7 Armour
 * Level 4.6 Dodging
 * Level 4.5 Stealth


You had 8 spell levels left.
You didn't know any spells.
Your spell library was empty.

Dungeon Overview and Level Annotations

Branches:
Dungeon (8/15)             Temple (0/1) D:6
   Lair: D:8-11

Altars:
Makhleb
Ru
Wu Jian
Yredelemnul

Shops:
D:5 ::


Innate Abilities, Weirdness & Mutations

You have a pair of antennae on your head.
You have sharp fingernails.
You have large cloven feet.
When hurt, damage is shared between your health and your magic reserves.


Message History

The two-headed ogre hits you with a +0 giant spiked club.
Your plate armour prevents you from hitting the two-headed ogre.
You kick the two-headed ogre.
The two-headed ogre is lightly wounded.
The two-headed ogre hits you with a +0 giant club.
The two-headed ogre hits you with a +0 giant spiked club!
You barely miss the two-headed ogre. Your kick misses the two-headed ogre.
The two-headed ogre is lightly wounded.
You whack the two-headed ogre!
The two-headed ogre is lightly wounded.
You feel sick.
The two-headed ogre hits you with a +0 giant club.
The two-headed ogre hits you with a +0 giant spiked club.
* * * LOW HITPOINT WARNING * * *
You hit the two-headed ogre.
The two-headed ogre is lightly wounded.
The two-headed ogre hits you with a +0 giant club!
* * * LOW HITPOINT WARNING * * *
The two-headed ogre hits you with a +0 giant spiked club!
You die...

#.##.....##..# #..##.#.#.#
#.##.#...#.#.# #..##......
#.........# # #..####.#..
#####....## ...####.### #...##
.##......### #...# #.
###.....). ####...#####
##.####.......
#...........###...............
.............@O....#.....<..<.
#...........###...............
#####...##### ......#.......
#...# ..#..#....... #...#
......###### #...# ...#. #...
. # ..


You could see a two-headed ogre.

Vanquished Creatures
  Menkaure (D:5)
  A black bear (D:7)
  Duvessa (D:5)
  2 sky beasts
  2 orc warriors (D:6)
  An ogre (D:8)
  A centaur (D:7)
  A crocodile (D:6)
  5 bullfrogs
  A big kobold (D:5)
  Dowan (D:5)
  2 scorpions
  2 howler monkeys (D:7)
  A centaur zombie (D:7)
  2 crimson imps
  2 bullfrog skeletons (D:6)
  A bullfrog zombie (D:5)
  An orc priest (D:6)
  2 hounds
  A jelly (D:5)
  7 orc wizards
  3 worker ants
  A worker ant zombie (D:8)
  A howler monkey zombie (D:4)
  7 gnolls
  8 adders
  2 shadow imps
  An ooze (D:4)
  An adder zombie (D:6)
  An adder skeleton (D:6)
  4 worms
  6 dart slugs
  7 leopard geckos
  35 orcs
  A ball python (D:2)
  14 bats
  5 giant cockroaches
  5 goblins
  2 hobgoblins
  8 jackals
  5 quokkas
  5 frilled lizards
  8 kobolds
  A quokka skeleton (D:6)
  9 rats
178 creatures vanquished.

Notes
Turn   | Place    | Note
-------+----------+-------------------------------------------
     0 | D:1      | theNoobletaur the Demonspawn Berserker began the quest for
                  | the Orb.
     0 | D:1      | Reached XP level 1. HP: 18/18 MP: 1/1
   160 | D:1      | Gained mutation: You have a pair of small antennae on your
                  | head. [demonic ancestry]
   160 | D:1      | Reached XP level 2. HP: 19/24 MP: 2/2
   769 | D:2      | Gained mutation: You have large cloven feet. [demonic
                  | ancestry]
   769 | D:2      | Reached XP level 3. HP: 29/29 MP: 3/3
   789 | D:2      | Reached ** piety under Trog
   789 | D:2      | Reached skill level 1 in Stealth
   959 | D:2      | Reached skill level 2 in Armour
   993 | D:2      | Gained mutation: When hurt, damage is shared between your
                  | health and your magic reserves. [demonic ancestry]
   993 | D:2      | Reached XP level 4. HP: 37/37 MP: 4/4
  1516 | D:3      | Found a basalt altar of Yredelemnul.
  1533 | D:3      | Gained mutation: You have a pair of antennae on your head.
                  | [demonic ancestry]
  1533 | D:3      | Reached XP level 5. HP: 42/42 MP: 5/5
  1882 | D:3      | Reached skill level 1 in Maces & Flails
  1885 | D:3      | Reached *** piety under Trog
  2380 | D:4      | Found a sacrificial altar of Ru.
  2688 | D:5      | Entered Level 5 of the Dungeon
  2697 | D:5      | Reached skill level 3 in Armour
  2697 | D:5      | Reached XP level 6. HP: 38/48 MP: 4/6
  2801 | D:5      | Found Sukhab's Book Emporium.
  3000 | D:5      | Found Doti Sah's Book Boutique.
  3160 | D:5      | Noticed Menkaure
  3172 | D:5      | Killed Menkaure
  3172 | D:5      | Reached XP level 7. HP: 38/55 MP: 3/7
  3337 | D:5      | Found a burning altar of Makhleb.
  3377 | D:5      | Noticed Duvessa
  3378 | D:5      | Noticed Dowan
  3384 | D:5      | Killed Duvessa
  3388 | D:5      | Killed Dowan
  3388 | D:5      | Reached skill level 4 in Armour
  4349 | D:6      | Reached skill level 5 in Fighting
  4349 | D:6      | Gained mutation: You have sharp fingernails. [demonic
                  | ancestry]
  4349 | D:6      | Reached XP level 8. HP: 14/62 MP: 2/8
  4555 | D:6      | Found a staircase to the Ecumenical Temple.
  4673 | D:6      | Reached **** piety under Trog
  4675 | D:6      | Reached skill level 5 in Armour
  5426 | D:7      | Reached skill level 6 in Armour
  5437 | D:7      | Reached XP level 9. HP: 24/68 MP: 3/9
  5948 | D:7      | Found an ornate altar of the Wu Jian Council.
  6239 | D:8      | Noticed a two-headed ogre
  6249 | D:8      | Slain by a two-headed ogre

Levels and vault maps discovered:
D:1:      nicolae_arrival_memento_mori, layout_basic, fountainhead, hex_tiny,
          minivault_23
D:2:      wad_crossroads, layout_loops_ring, corexii_corridor_pit
D:3:      layout_loops_ring, yredelemnul_altar_generic, minmay_misc_feat_hallway
D:4:      layout_gridville, first_ration, grunt_decor_mini_mirrors,
          small_statue_intersection, eino_curves_01, nicolae_ru_awakened_eye
D:5:      layout_layer_cave, makhleb_blood_cavern_becter, serial_shops,
          nicolae_shop_waterfront, shop, uniq_duvessa, uniq_menkaure
D:6:      layout_basic, temple_fountains
D:7:      layout_basic, lemuel_coloured_pillars_altar
D:8:      layout_loops_cross

Skill      XL: |  1  2  3  4  5  6  7  8 |
---------------+-------------------------+-----
Polearms       | 3 |  3.5
Stealth        | 1 2 3 4 |  4.5
Dodging        | 2 3 4 |  4.6
Armour         | 2 3 4 6 |  6.7
Maces & Flails | 1 2 3 4 |  4.7
Fighting       | 4 5 |  5.9

Action                   |  1- 3 |  4- 6 |  7- 9 || total
-------------------------+-------+-------+-------++-------
Melee: Spear             |    36 |       |       ||    36
       Whip              |    49 |   176 |   274 ||   499
       Kick              |     3 |    32 |    80 ||   115
Invok: Berserk           |     1 |     1 |     2 ||     4
       Trog's Hand       |       |     2 |     2 ||     4
  Use: Scroll            |     2 |     3 |     1 ||     6
       Potion            |       |     7 |       ||     7
  Eat: Chunk             |       |    10 |    12 ||    22
Armor: Animal skin       |     6 |       |       ||     6
       Ring mail         |    27 |    62 |    24 ||   113
       Plate armour      |       |       |   125 ||   125
Dodge: Dodged            |    60 |   116 |   128 ||   304

Table legend:
 A = Non-vault XP
 B = Vault XP
 C = Vault XP percentage of total XP
 D = Non-vault monster count
 E = Vault monster count
 F = Vault count percentage of total count
                 A         B        C        D         E       F
            +---------+---------+-------+---------+---------+-------
      Total |    3107 |     443 |  12.5 |     170 |       8 |   4.5
            +---------+---------+-------+---------+---------+-------
        D:1 |      35 |       0 |   0.0 |      19 |       0 |   0.0
        D:2 |      82 |      11 |  11.8 |      17 |       4 |  19.0
        D:3 |     131 |       0 |   0.0 |      34 |       0 |   0.0
        D:4 |      92 |       0 |   0.0 |      10 |       0 |   0.0
        D:5 |     429 |     432 |  50.2 |      25 |       4 |  13.8
        D:6 |     869 |       0 |   0.0 |      30 |       0 |   0.0
        D:7 |    1098 |       0 |   0.0 |      29 |       0 |   0.0
        D:8 |     371 |       0 |   0.0 |       6 |       0 |   0.0
            +---------+---------+-------+---------+---------+-------
